 Dungeon Crawl Stone Soup version 0.28-a0-390-gb254ac4902 (webtiles) character file.

Game seed: 8370507460666524697

511 robertstho the Magician (level 7, 0/49 HPs)
             Began as a Djinni Fire Elementalist on Sept 3, 2021.
             Slain by a wight (10 damage)
             ... on level 4 of the Dungeon.
             The game lasted 00:07:34 (6098 turns).

robertstho the Magician (Djinni Fire Elementalist)  Turns: 6098, Time: 00:07:34

Health: 0/49       AC:  2    Str:  7    XL:     7   Next: 43%
Gold:   135        EV: 13    Int: 18    God:
                   SH:  0    Dex: 20

rFire   + + +      SeeInvis .   z - +2 hand axe (venom)
rCold   x x .      Faith    .   (no shield)
rNeg    . . .      Spirit   .   a - +0 robe
rPois   ∞          Reflect  .   (no helmet)
rElec   .          Harm     .   (no cloak)
rCorr   .          Rampage  .   (no gloves)
Will    .....                   (boots unavailable)
Stlth   ++........              (no amulet)
HPRegen 0.16/turn               c - +6 ring of dexterity
MPRegen 0.00/turn               d - ring of fire

@: flying
A: sickness immunity, fire resistance 2, cold vulnerability 1, float, innate
caster, hp casting, extra vitality 1
a: no special abilities


You were on level 4 of the Dungeon.
You visited 1 branch of the dungeon, and saw 4 of its levels.

You collected 135 gold pieces.

Inventory:

Hand Weapons
 s - a +0 dagger
 z - a +2 hand axe of venom (weapon)
Missiles
 j - a throwing net
Armour
 a - a +0 robe (worn)
Jewellery
 c - a +6 ring of dexterity (left hand)
 d - a ring of fire (right hand)
 e - an amulet of the acrobat
 C - a ring of fire
Wands
 q - a wand of mindburst (7)
 u - a wand of flame (10)
 y - a wand of iceblast (9)
Scrolls
 f - a scroll of noise {unknown}
 g - 2 scrolls of identify
 h - 2 scrolls of enchant armour
 i - 2 scrolls of amnesia {unknown}
 k - 2 scrolls of fear {unknown}
 t - a scroll of blinking {unknown}
 B - a scroll of brand weapon {unknown}
Potions
 b - a potion of attraction {unknown}
 l - a potion of invisibility {unknown}
 m - 2 potions of might {unknown}
 n - a potion of flight {unknown}
 o - a potion of curing {unknown}
 p - 2 potions of cancellation {unknown}
 r - a potion of ambrosia {unknown}
 v - a potion of heal wounds {unknown}
 w - a potion of brilliance {unknown}
 x - a potion of mutation {unknown}
 A - a potion of lignification {unknown}


   Skills:
 * Level 2.3 Fighting
 + Level 2.4 Dodging
 + Level 2.0 Stealth
 * Level 5.6 Spellcasting


You couldn't memorise any spells.
You knew the following spells:

 Your Spells              Type           Power      Damage    Failure   Level
a - Foxfire               Conj/Fire      100%       2x1d9     1%          1
b - Scorch                Fire           76%        2d8       1%          2
c - Conjure Flame         Conj/Fire      38%        6-21      3%          3
d - Inner Flame           Hex/Fire       38%        N/A       3%          3
e - Flame Wave            Conj/Fire      38%        3d8       12%         4
f - Pain                  Necr           100%       1d9       1%          1
g - Slow                  Hex            25%        N/A       1%          2
h - Portal Projectile     Hex/Tloc       50%        N/A       3%          3
Your spell library was empty.

Dungeon Overview and Level Annotations

Branches:
Dungeon (4/15)
 Temple: D:4-7

Altars:
Ru


Innate Abilities, Weirdness & Mutations

You are immune to sickness and miasma.
You are immune to poison.
Your flesh is very heat resistant. (rF++)
You are vulnerable to cold. (rC-)
You float through the air rather than walking.
You learn spells naturally, not from books.
Your magical power is your life essence.
You have superior vitality. (+4 HP)


Message History

Casting: Scorch (safe; 1% risk of failure)
Confirm with . or Enter, or press ? or * to list all spells.
You feel a surge of power!
Flames lash the orc.
The orc is burned terribly!
You kill the orc!
Casting: Scorch (safe; 1% risk of failure)
Confirm with . or Enter, or press ? or * to list all spells.
You feel a surge of power!
Flames lash the adder skeleton.
The adder skeleton is severely damaged.
The adder skeleton's fire resistance burns away.
A kobold comes into view. It is wielding a +0 short sword.
The adder skeleton bites you but does no damage.
Casting: Scorch (safe; 1% risk of failure)
Confirm with . or Enter, or press ? or * to list all spells.
You feel a surge of power!
Flames lash the kobold.
You kill the kobold!
The adder skeleton barely misses you.
Casting: Scorch (safe; 1% risk of failure)
Confirm with . or Enter, or press ? or * to list all spells.
You feel a surge of power!
Flames lash the adder skeleton.
The adder skeleton is burned terribly!
You destroy the adder skeleton! 2 wights come into view.
A wight is wielding a +1 flail of protection.
The wight moves out of view. 2 wights come into view.
There is an open door here.
Things that are here:
a +0 trident; an orc corpse
Casting: Scorch (safe; 1% risk of failure)
Confirm with . or Enter, or press ? or * to list all spells.
You feel a surge of power!
Flames lash the wight.
The wight is moderately damaged.
The wight's fire resistance burns away.
The wight hits you with a +3 long sword!
* * * LOW HITPOINT WARNING * * *
As you read the scroll labelled ZODODE HAREMP, it crumbles to dust.
It is a scroll of identify.
h - 2 scrolls of enchant armour The wight hits you with a +3 long sword!
You die...

#.........
###...##
#.........
#...#
#.........
#####
#.........
#.........
#..z......
#)).zz....
#z#####
#.z@..#
#####.# #
#.# # #.#
# # #.#
#.## #.#
..' #.#
#### #.#
#... #.#
#.#.


You could see 2 wights.

Vanquished Creatures
  A black bear (D:4)
  A jelly (D:4)
  An orc priest (D:4)
  Terence (D:2)
  Natasha (thrice) (D:3)
  An orc wizard (D:4)
  Ijyb (D:3)
  A hound skeleton (D:2)
  Robin (D:3)
  6 adders
  A white imp (D:3)
  An adder skeleton (D:4)
  3 dart slugs
  16 orcs
  6 ball pythons
  7 bats
  9 endoplasms
  A giant cockroach (D:1)
  13 goblins
  13 hobgoblins
  2 jackals (D:3)
  2 quokkas (D:4)
  A frilled lizard (D:3)
  9 kobolds
  4 rats
105 creatures vanquished.

Vanquished Creatures (others)
  365 foxfires
365 creatures vanquished.

Grand Total: 470 creatures vanquished

Notes
Turn   | Place    | Note
-------+----------+-------------------------------------------
     0 | D:1      | robertstho the Djinni Fire Elementalist began the quest for
                  | the Orb.
     0 | D:1      | Reached XP level 1. HP: 15/15 MP: 0/0
   202 | D:1      | Reached XP level 2. HP: 9/21 MP: 0/0
  1095 | D:1      | Found a faded altar of an unknown god.
  1192 | D:1      | Reached skill level 3 in Spellcasting
  1289 | D:1      | Reached XP level 3. HP: 20/25 MP: 0/0
  1289 | D:1      | Learned a level 1 spell: Pain
  2050 | D:2      | Noticed Terence
  2058 | D:2      | Killed Terence
  2059 | D:2      | Reached XP level 4. HP: 13/31 MP: 0/0
  2639 | D:2      | Reached skill level 1 in Fighting
  2834 | D:2      | Reached XP level 5. HP: 33/37 MP: 0/0
  2834 | D:2      | Learned a level 2 spell: Slow
  3229 | D:3      | Reached skill level 4 in Spellcasting
  3935 | D:3      | Noticed Robin
  3943 | D:3      | Killed Robin
  4142 | D:3      | Noticed Ijyb
  4149 | D:3      | Killed Ijyb
  4150 | D:3      | Reached XP level 6. HP: 27/42 MP: 0/0
  4190 | D:3      | Noticed Natasha
  4194 | D:3      | Killed Natasha
  4370 | D:3      | Noticed Natasha
  4374 | D:3      | Killed Natasha
  4386 | D:3      | Noticed Natasha
  4390 | D:3      | Killed Natasha
  4579 | D:3      | Found a sacrificial altar of Ru.
  5132 | D:4      | Noticed a black bear
  5134 | D:4      | Killed a black bear
  5135 | D:4      | Reached skill level 5 in Spellcasting
  5135 | D:4      | Reached XP level 7. HP: 41/48 MP: 0/0
  5135 | D:4      | Learned a level 3 spell: Portal Projectile
  6098 | D:4      | Slain by a wight

Illustrated notes

Levels and vault maps discovered:
D:1:      kennysheep_arrival_forest, layout_loops_corners,
          shapermc_ecumenical_altar_petra
D:2:      layout_loops_ring, uniq_terence
D:3:      layout_basic, mainiacjoe_overflow_alcove_2, kennysheep_generic_room_6,
          uniq_ijyb, uniq_natasha, uniq_robin
D:4:      layout_basic

Skill      XL: |  1  2  3  4  5  6  7 |
---------------+----------------------+-----
Spellcasting   | 3 4 5 |  5.6
Fighting       | 1 2 |  2.3
Stealth        | 2 |  2.0
Dodging        | |  2.4

Action                   |  1- 3 |  4- 6 |  7- 9 || total
-------------------------+-------+-------+-------++-------
 Cast: Foxfire           |    76 |   155 |       ||   231
       Scorch            |     2 |     5 |    45 ||    52
       Flame Wave        |       |     1 |       ||     1
  Use: Scroll            |       |       |     1 ||     1
Armor: Robe              |       |     1 |     1 ||     2
Dodge: Dodged            |     9 |     7 |     7 ||    23

Table legend: (Time is in decaauts)
 A = Elapsed time spent in this place.
 B = Non-inter-level travel time spent in this place.
 C = Inter-level travel time spent in this place.
 D = Time resting spent in this place.
 E = Time spent auto-exploring this place.
 F = Levels seen in this place.
 G = Mean time per level.
                   A        B        C        D        E       F      G
               +--------+--------+--------+--------+--------+-----+--------+
         Total |   6097 |   5940 |    157 |    117 |   5203 |   4 | 1524.2 |
       Dungeon |   6097 |   5940 |    157 |    117 |   5203 |   4 | 1524.2 |
               +--------+--------+--------+--------+--------+-----+--------+

Top non-repeatable levels by time:
     D:3: 1908 daAuts
     D:1: 1759 daAuts
     D:2: 1410 daAuts
     D:4: 1019 daAuts
